 Dungeon Crawl Stone Soup version 0.26-a0-30-g56b8cd3df0 (webtiles) character file.

Game seed: 2063385208231197548, levelgen mode: deterministic

92 gruber the Conjurer (level 4, 18/18 HPs)
             Began as a Felid Conjurer on June 1, 2020.
             Quit the game on level 2 of the Dungeon.
             The game lasted 00:03:38 (2557 turns).

gruber the Conjurer (Felid Conjurer)                Turns: 2557, Time: 00:03:38

Health: 18/18      AC:  1    Str:  4    XL:     4   Next: 35%
Magic:  8/8        EV: 18    Int: 18    God:
Gold:   141        SH:  0    Dex: 16    Spells: 4/7 levels left
                                        Lives:  0   Deaths: 1

rFire    . . .     SeeInvis +   (weapon unavailable)
rCold    . . .     Gourm    .   (shield unavailable)
rNeg     . . .     Faith    .   (armour unavailable)
rPois    .         Spirit   .   (helmet unavailable)
rElec    .         Reflect  .   (cloak unavailable)
rCorr    .         Harm     .   (gloves unavailable)
MR       .....                  (boots unavailable)
Stlth    +++.......             (no amulet)
HPRegen  0.06/turn              (no ring)
MPRegen  0.11/turn              (no ring)

@: quick
A: very small, no armour, no weapons or thrown items, stealth, claws 1, fangs 3,
see invisible, carnivore, speed 1, shaggy fur 1, slow metabolism 1, sharp paws
a: no special abilities


You were on level 2 of the Dungeon.
You were not hungry.

You visited 1 branch of the dungeon, and saw 2 of its levels.

You collected 141 gold pieces.

Inventory:

Jewellery
 h - an uncursed ring of wizardry {unknown}
 n - a cursed amulet of inaccuracy {unknown}
Wands
 o - a wand of iceblast (5)
Scrolls
 a - a scroll of noise {unknown}
 c - 2 scrolls of enchant armour {unknown}
 d - a scroll of teleportation {unknown}
 e - 2 scrolls of identify {unknown}
 f - a scroll of remove curse {unknown}
 i - a scroll of fear {unknown}
 j - a scroll of enchant weapon {unknown}
Potions
 l - a potion of flight
Comestibles
 b - 3 rations
 m - 4 chunks of flesh


   Skills:
 - Level 2.6 Dodging
 - Level 2.6 Stealth
 - Level 2.0 Spellcasting
 + Level 6.1 Conjurations


You had 4 spell levels left.
You knew the following spells:

 Your Spells              Type           Power        Failure   Level  Hunger
a - Magic Dart            Conj           ###.         1%          1    #......
b - Searing Ray           Conj           ###...       2%          2    ###....

Your spell library contained the following spells:

 Spells                   Type           Power        Failure   Level  Hunger
 Dazzling Flash           Conj/Hex       ##....       16%         3    ###....
 Fulminant Prism          Conj/Hex       ##........   45%         4    #####..
 Iskenderun's Mystic Bla  Conj/Tloc      ##......     45%         4    #####..


Dungeon Overview and Level Annotations

Branches:
Dungeon (2/15)

Altars:


Innate Abilities, Weirdness & Mutations

You cannot wear armour.
You are incapable of wielding weapons or throwing items.
Your paws allow you to move quietly. (Stealth)
You have sharp claws.
You have razor-sharp teeth.
You have supernaturally acute eyesight. (SInv)
You are carnivorous and can eat meat at any time.
You cover ground quickly.
You are covered in fur. (AC +1)
You have a slow metabolism.
Your sharp claws are effective at attacking unaware monsters.


Message History

You feel a little less clever now.
There is a lethal amount of poison in your body!
There is a lethal amount of poison in your body!
You die...
You feel sick.
You are now level 4!
You rejoin the land of the living...
Found a potion of invisibility and 27 gold pieces.
Found a stone staircase leading down.
A rat comes into view.
Unknown command.
Unknown command.
Unknown command.
Unknown command.
The helpless rat fails to defend itself.
You scratch the rat.
You kill the rat!
No target in view!
No target in view!
Are you sure you want to abandon this character and quit the game? (Confirm with "yes".)

.......
####
.......
##...#
...<...
##....$
.......
#......
.......
#......
......#
.......
.......
...$...##
#######
#......!#
#......@#
#......†#
##>....##
##...#
####


There were no monsters in sight!

Vanquished Creatures
  Crazy Yiuf (D:2)
  A hound (D:2)
  Natasha (D:2)
  Robin (D:2)
  3 adders (D:2)
  A worm (D:2)
  A dart slug (D:2)
  A leopard gecko (D:1)
  An orc (D:2)
  6 bats
  5 giant cockroaches
  14 goblins
  5 hobgoblins
  4 frilled lizards
  4 kobolds
  5 rats
54 creatures vanquished.

Notes
Turn   | Place    | Note
-------+----------+-------------------------------------------
     0 | D:1      | gruber the Felid Conjurer began the quest for the Orb.
     0 | D:1      | Reached XP level 1. HP: 7/7 MP: 4/4
   217 | D:1      | Reached skill level 4 in Conjurations
   257 | D:1      | Reached XP level 2. HP: 11/11 MP: 4/6
  1210 | D:2      | Reached XP level 3. HP: 14/14 MP: 4/7
  1223 | D:2      | Reached skill level 5 in Conjurations
  1576 | D:2      | Learned a level 2 spell: Searing Ray
  1602 | D:2      | Reached XP level 4. HP: 10/18 MP: 5/8
  2127 | D:2      | Noticed Robin
  2132 | D:2      | Killed Robin
  2448 | D:2      | Noticed Natasha
  2456 | D:2      | Killed Natasha
  2456 | D:2      | Reached XP level 5. HP: 21/21 MP: 5/9
  2542 | D:2      | Found a runed translucent door.
  2543 | D:2      | Noticed Crazy Yiuf
  2550 | D:2      | Killed Crazy Yiuf
  2550 | D:2      | Reached skill level 6 in Conjurations
  2552 | D:2      | HP: 1/21 [poisoned by Crazy Yiuf]
  2554 | D:2      | Succumbed to Crazy Yiuf's poison
  2555 | D:2      | Reached XP level 4. HP: 0/18 MP: 4/8
  2557 | D:2      | Quit the game

Illustrated notes

Levels and vault maps discovered:
D:1:      saegor_arrival_simple_b, layout_basic, serial_glass, glass_columns_a,
          glass_columns_b, glass_columns_b, glass_columns_a, glass_columns_b,
          glass_columns_a, glass_columns_c, glass_columns_a,
          minmay_stone_trees_small, minivault_23,
          hangedman_abyss_or_decor_lesser_grid
D:2:      layout_rooms, lemuel_round_altar, uniq_natasha,
          uniq_crazy_yiuf_cottage, uniq_robin

Skill      XL: |  1  2  3  4  5 |
---------------+----------------+-----
Conjurations   | 4 5 6 |  6.1
Dodging        | |  2.6
Stealth        | |  2.6
Spellcasting   | |  2.0

Action                   |  1- 3 |  4- 6 || total
-------------------------+-------+-------++-------
Melee: Unarmed           |    16 |    26 ||    42
       Bite              |       |     1 ||     1
 Cast: Magic Dart        |    50 |    43 ||    93
       Searing Ray       |       |     4 ||     4
  Use: Potion            |       |     3 ||     3
 Stab: Sleeping          |       |     1 ||     1
  Eat: Chunk             |     8 |     4 ||    12
Armor: Skin              |     3 |       ||     3
Dodge: Dodged            |    46 |    21 ||    67

Table legend:
 A = Non-vault XP
 B = Vault XP
 C = Vault XP percentage of total XP
 D = Non-vault monster count
 E = Vault monster count
 F = Vault count percentage of total count
                 A         B        C        D         E       F
            +---------+---------+-------+---------+---------+-------
      Total |     147 |     114 |  43.7 |      42 |      12 |  22.2
            +---------+---------+-------+---------+---------+-------
        D:1 |      32 |       0 |   0.0 |      19 |       0 |   0.0
        D:2 |     115 |     114 |  49.8 |      23 |      12 |  34.3
            +---------+---------+-------+---------+---------+-------
